 Dungeon Crawl Stone Soup version 0.17-a0-2231-gd80ca38 (webtiles) character file.

343 rutigerpupkin the Firebug (level 6, -6/32 HPs)
             Began as a Gargoyle Fire Elementalist on Nov 2, 2015.
             Mangled by an ogre
             ... wielding a +0 giant spiked club
              (22 damage)
             ... on level 5 of the Dungeon.
             The game lasted 00:18:34 (4176 turns).

rutigerpupkin the Firebug (GrFE)                    Turns: 4176, Time: 00:18:34

Health: -6/32      AC:  7    Str: 11    XL:     6   Next: 57%
Magic:  2/11       EV: 12    Int: 18    God:
Gold:   112        SH:  0    Dex: 10    Spells: 3 memorised, 4 levels left

rFire  + . .     SeeInvis .     d - -1 mace (curse)
rCold  x . .     Clarity  .     y - +0 robe (curse)
rNeg   + + +     SustAt   .     (no shield)
rPois  ∞         Gourm    .     (no helmet)
rElec  +         Spirit   .     u - +0 cloak (curse)
rCorr  .         Warding  +     (no gloves)
rMut   .         Stasis   .     (no boots)
MR     .....                    q - amulet of warding
Stlth  ++........               C - ring of positive energy
                                r - ring of fire

@: not resistant to hostile enchantments, unstealthy
A: negative energy resistance 1, electricity resistance, unbreathing,
petrification resistance, rot immunity, AC +4
a: no special abilities


You were on level 5 of the Dungeon.
You were very hungry.

You visited 1 branch of the dungeon, and saw 5 of its levels.

You collected 255 gold pieces.
You spent 143 gold pieces at shops.

Inventory:

Hand Weapons
 d - a cursed -1 mace (weapon)
 h - a +1 whip of holy wrath
 j - a +0 hand axe of chopping
 s - a +0 hunting sling
 N - a +0 hand axe of chopping
Missiles
 t - 246 stones (quivered)
 K - 3 tomahawks
Armour
 a - a +0 robe
 u - a cursed +0 cloak (worn)
 y - a cursed +0 robe (worn)
Jewellery
 m - an uncursed ring of flight
 q - an amulet of warding (around neck)
 r - a ring of fire (left hand)
 w - an uncursed amulet of faith
 C - a ring of positive energy (right hand)
 J - an uncursed amulet of stasis
Wands
 z - a wand of digging (10)
 I - a wand of digging (8)
Scrolls
 g - 2 scrolls of amnesia {unknown}
 i - 6 scrolls of identify
 k - 6 scrolls of teleportation
 v - 3 scrolls of enchant weapon {unknown}
 A - a scroll of blinking {unknown}
 B - 2 scrolls of remove curse
 E - a scroll of noise
 F - a scroll of fog
 L - a scroll of fear {unknown}
 O - a scroll of immolation {unknown}
Potions
 e - 4 potions of haste {unknown}
 l - a potion of heal wounds {unknown}
 n - a potion of cure mutation {unknown}
 o - 2 potions of experience {unknown}
 p - a potion of cancellation {unknown}
 x - a potion of degeneration {unknown}
 G - 2 potions of curing {unknown}
 H - 2 potions of agility {unknown}
 M - 2 potions of resistance {unknown}
Books
 b - a book of Flames

   Spells                             Type                      Level
   a - Flame Tongue                   Conjuration/Fire             1
   b - Throw Flame                    Conjuration/Fire             2
   c - Conjure Flame                  Conjuration/Fire             3
   d - Inner Flame                    Hexes/Fire                   3
   e - Sticky Flame                   Conjuration/Fire             4
   f - Fireball                       Conjuration/Fire             5
 D - a book of Maledictions

   Spells                             Type                      Level
   a - Corona                         Hexes                        1
   b - Ensorcelled Hibernation        Hexes/Ice                    2
   c - Confuse                        Hexes                        3
   d - Tukima's Dance                 Hexes                        3
   e - Dazzling Spray                 Conjuration/Hexes            3
Comestibles
 c - 4 bread rations
 f - 2 meat rations


   Skills:
 - Level 1.5 Dodging
 - Level 2.1 Stealth
 + Level 3.6 Spellcasting
 + Level 3.5 Conjurations
 * Level 5.3 Fire Magic


You had 4 spell levels left.
You knew the following spells:

 Your Spells              Type           Power        Failure   Level  Hunger
a - Flame Tongue          Conj/Fire      ####.        2%          1    None
b - Conjure Flame         Conj/Fire      ####....     10%         3    ###....
g - Sticky Flame          Conj/Fire      ####....     28%         4    ####...


Dungeon Overview and Level Annotations

Branches:
Dungeon (5/15)
 Temple: D:4-7

Altars:
Dithmenos
Elyvilon

Shops:
D:4 ?

Annotations:
D:3 Terence
D:5 Eustachio, Grinder


Innate Abilities, Weirdness & Mutations

You are resistant to torment.
Your stone body is resilient (AC +4).
You are immune to poison.
You resist negative energy.
You are resistant to electric shocks.
You can survive without breathing.
You are immune to petrification.
You are immune to rotting.


Message History

Press: ? - help, Shift-Dir - straight line, f/p - ogre
Aim: an ogre, wielding a giant spiked club (almost dead)
You feel a surge of power!
The flame tongue misses the ogre.
Casting: Flame Tongue
Confirm with . or Enter, or press ? or * to list all spells.
You don't have enough magic to cast that spell.
Unknown command.
You hit the ogre but do no damage.
The ogre is almost dead.
The ogre closely misses you. Grinder gestures at you.
Pain shoots through your body!
Casting: Flame Tongue
Confirm with . or Enter, or press ? or * to list all spells.
You don't have enough magic to cast that spell.
You hit the ogre but do no damage.
The ogre is almost dead.
The ogre hits you with a giant spiked club!!
Ouch! That really hurt!
You die...

..# #....###.....#...... ..# ###
#.................## ..###.#
#........>...#.#####
......########....##.#....#.# #
#.##..##..........##.#.#..#.#####
#.##..##....##.......#.#.......##
#.....##.....#.#.##....#....##.##
####..##.....#.#O##.........##.##
.......#####.#.#@##....#.#..##.##
.###.......#.#.#.###.#.........#
.......#####.#...# #.#.#########
.###...#####..###5##.#.#
.###..........###.##.#.#
...#...######..........# .......#
##...........
...#..######..≈.≈.......
......5....§.≈.≈.≈......


You could see Grinder and an ogre.

Vanquished Creatures
  A phantom (D:5)
  An ogre (D:5)
  A water moccasin skeleton (D:5)
  A giant frog skeleton (D:5)
  3 adders (D:3)
  3 worms
  6 orcs
  4 bats
  4 giant cockroaches
  8 hobgoblins
  3 jackals (D:1)
  4 giant geckos
  3 giant newts
  2 goblins
  A jackal skeleton (D:3)
  7 kobolds
  3 quokkas
  5 rats
60 creatures vanquished.

Notes
Turn   | Place    | Note
--------------------------------------------------------------
     0 | D:1      | rutigerpupkin the Gargoyle Fire Elementalist began the quest for the Orb.
     0 | D:1      | Reached XP level 1. HP: 10/10 MP: 3/3
   160 | D:1      | Reached XP level 2. HP: 12/15 MP: 1/5
   840 | D:2      | Reached XP level 3. HP: 15/19 MP: 2/6
   847 | D:2      | Learned a level 3 spell: Conjure Flame
  1247 | D:2      | Found a shadowy altar of Dithmenos.
  1751 | D:3      | Reached XP level 4. HP: 21/24 MP: 5/8
  1780 | D:3      | Noticed Terence
  2092 | D:3      | Reached skill level 4 in Fire Magic
  2430 | D:4      | Found Haytitt's Magic Scroll Shoppe.
  2435 | D:4      | Bought a scroll of identify for 26 gold pieces
  2435 | D:4      | Bought a scroll of remove curse for 39 gold pieces
  2435 | D:4      | Bought a scroll of teleportation for 39 gold pieces
  2435 | D:4      | Bought a scroll of noise for 13 gold pieces
  2435 | D:4      | Bought a scroll of fog for 26 gold pieces
  2572 | D:4      | Found a white marble altar of Elyvilon.
  2911 | D:5      | Entered Level 5 of the Dungeon
  2962 | D:5      | Noticed a phantom
  3399 | D:5      | Noticed Eustachio
  3429 | D:5      | Reached XP level 5. HP: 22/28 MP: 3/9
  3435 | D:5      | Learned a level 4 spell: Sticky Flame
  3704 | D:5      | Noticed Grinder
  3778 | D:5      | Killed a phantom
  3778 | D:5      | Reached skill level 5 in Fire Magic
  3778 | D:5      | Reached XP level 6. HP: 28/32 MP: 6/11
  3785 | D:5      | Noticed an ogre
  3790 | D:5      | Killed an ogre
  4121 | D:5      | Paralysed by Grinder for 5 turns
  4176 | D:5      | Mangled by an ogre

Vault maps used:
D:1:      enne_arrival_octagon_isle, hangedman_decor_slide_cut
D:2:      grunt_dithmenos_smoke_and_mirrors, corexii_shack
D:3:      uniq_terence
D:4:      serial_shops, nicolae_shop_statue_plus, elyvilon_altar_1
D:5:      first_bread, nicolae_ru_path_of_blood, uniq_grinder, uniq_eustachio

Action                   |  1- 3 |  4- 6 || total
-------------------------+-------+-------++-------
Melee: Dagger            |    18 |       ||    18
       Hand axe          |    19 |       ||    19
       Mace              |    28 |    39 ||    67
 Cast: Flame Tongue      |    49 |    69 ||   118
       Conjure Flame     |     1 |     6 ||     7
       Sticky Flame      |       |     1 ||     1
 Stab: Sleeping          |     1 |       ||     1
  Eat: Chunk             |     3 |     6 ||     9
       Pizza             |       |     1 ||     1
